Map: Аура смерти РВ

Players

GrayKidd - Winner!

  • Race: Terran Terran
  • Spawn Location: 11:00

Kantara

  • Race: Protoss Protoss
  • League: Diamond
  • Spawn Location: 5:00

VOD

Have the link to the VOD?

Description

Time

  • Played on: Oct. 26, 2020, 6:55 p.m.
  • Length: 17:20
Show
View Real Time Build Order
Export as new Build Order

GrayKidd Terran - Winner!

Build Orders:  

Get SALT Encoding   

  12  0:00  SCV  
  13  0:12  SCV  
  14  0:17  Supply Depot  
  14  0:29  SCV  
  15  0:39  Barracks  
  15  0:41  SCV  
  16  0:50  Refinery  
  16  0:53  SCV  
  17  1:02  Barracks  
  17  1:06  SCV  
  18  1:18  SCV  
  19  1:24  Barracks  
  19  1:33  Supply Depot  
  19  1:34  SCV  
  20  1:48  Barracks Reactor, Orbital Command  
  20  1:56  Barracks Tech Lab  
  20  2:17  Barracks Tech Lab  
  20  2:18  Marauder  
  22  2:24  Refinery  
  22  2:27  Barracks Reactor  
  22  2:30  Marine x2  
  25  2:48  Marine x2  
  25  2:50  Marine  
  27  2:55  SCV  
  28  3:02  Stimpack  
  28  3:03  Marine x2  
  30  3:07  SCV  
  31  3:15  Supply Depot  
  31  3:20  Marine x2  
  31  3:21  Marine  
  31  3:22  Marine  
  31  3:23  Marauder  
  37  3:31  Supply Depot  
  37  3:36  SCV  
  37  3:38  Marine x2  
  37  3:39  Marine  
  37  3:40  Marine  
  42  3:44  Marauder  
  44  3:56  Marine x3  
  44  3:57  Marine  
  48  4:06  Marauder  
  50  4:13  Marine  
  50  4:14  Marine x2  
  50  4:15  Marine  
  54  4:31  Supply Depot  
  54  4:34  Supply Depot  
  54  4:35  Marine  
  54  4:37  Marauder  
  57  4:39  Marine  
  57  4:41  Combat Shield  
  57  4:42  Marine  
  59  4:45  Marine  
  60  4:59  Marauder  
  62  5:11  Marine x3  
  40  5:40  Command Center, Marine  
  40  5:41  Engineering Bay  
  41  5:43  Marine  
  42  5:57  SCV  
  42  6:02  Marine x2  
  47  6:04  Marauder  
  47  6:06  Marine  
  47  6:08  Marine  
  47  6:09  SCV  
  50  6:21  SCV  
  50  6:23  Marine  
  50  6:25  Marine, Marauder  
  54  6:28  Marine  
  54  6:30  Marine  
  57  6:41  Marine  
  57  6:43  Marine  
  57  6:44  Terran Infantry Weapons Level 1  
  57  6:46  Marine  
  60  6:58  Factory  
  60  7:01  Orbital Command  
  60  7:16  SCV  
  60  7:18  Marine  
  60  7:19  Marine x3  
  65  7:24  Marauder  
  65  7:26  Concussive Shells  
  65  7:28  SCV x2  
  69  7:40  SCV x2  
  71  7:52  SCV  
  71  7:53  SCV  
  71  7:56  Marine x3  
  71  7:57  Marine  
  71  7:58  Marauder  
  79  8:00  Starport  
  79  8:01  Factory Tech Lab  
  79  8:04  SCV  
  79  8:05  SCV  
  81  8:07  Engineering Bay  
  81  8:12  Ghost Academy  
  81  8:26  Marine x3  
  83  8:27  Marine  
  83  8:28  Marauder  
  72  8:39  Terran Infantry Armor Level 1  
  50  8:42  Ghost Academy  
  49  8:55  Siege Tank  
  44  8:56  Starport Reactor  
  44  9:02  SCV x2  
  41  9:17  Starport Reactor  
  41  9:18  Enhanced Shockwaves  
  37  9:35  SCV x2  
  39  9:44  Barracks  
  39  9:45  Barracks  
  39  9:47  SCV  
  39  9:48  SCV  
  39  9:50  Siege Tank  
  39  9:51  Marine x4  
  49  9:54  Marauder  
  50  10:08  Marine  
  50  10:09  Marine x3, SCV x2  
  56  10:17  Refinery  
  56  10:18  Refinery  
  58  10:21  SCV x2  
  58  10:26  Marine x2  
  58  10:27  Marine x2  
  62  10:29  Ghost  
  64  10:38  SCV x2  
  64  10:39  Refinery  
  66  10:49  Marine x2  
  68  10:50  SCV x2  
  68  10:52  Marine x2  
  68  10:55  Medivac  
  74  10:59  Marine  
  74  11:01  Barracks Tech Lab  
  75  11:07  Marine x2  
  75  11:08  Supply Depot  
  75  11:09  Barracks Reactor  
  75  11:10  Marine x2  
  79  11:13  Orbital Command  
  79  11:17  Marine  
  58  11:53  Marine  
  59  11:54  Marine x5  
  59  11:55  Armory  
  59  11:56  Ghost  
  66  12:03  SCV x2  
  68  12:14  Refinery  
  68  12:15  SCV x2  
  70  12:25  Medivac  
  70  12:27  SCV  
  70  12:28  Marine x2, SCV  
  70  12:29  Marine x6  
  82  12:40  SCV x2  
  76  12:46  Marine x8  
  82  12:52  SCV x2  
  84  13:03  Terran Infantry Weapons Level 2, Marine  
  84  13:04  SCV x2  
  87  13:16  SCV x2  
  87  13:28  SCV x2  
  87  13:32  Missile Turret  
  89  13:39  Missile Turret  
  89  13:40  SCV x2  
  91  13:44  Terran Infantry Armor Level 2  
  91  13:45  Marine x3  
  91  13:46  Marine  
  95  13:52  SCV x2  
  87  14:00  Missile Turret  
  81  14:04  Ghost  
  83  14:16  SCV  
  85  14:17  SCV  
  85  14:21  Missile Turret  
  85  14:23  Refinery  
  85  14:28  Ghost, SCV  
  85  14:29  SCV  
  85  14:30  Marine  
  90  14:31  Marine x5  
  90  14:32  Marine  
  90  14:38  Supply Depot  
  96  14:40  SCV  
  96  14:41  SCV  
  96  14:42  Missile Turret  
  98  14:48  Marine  
  98  14:49  Marine x3  
  102  14:59  Ghost x2, Marine x2  
  108  15:01  Supply Depot  
  108  15:06  Marine  
  108  15:07  Marine x3  
  79  15:16  SCV x2  
  79  15:17  Marine x2  
  79  15:25  Medivac  
  79  15:26  Medivac  
  79  15:27  Marine x2  
  79  15:28  Marine x4, SCV x2  
  86  15:35  Marine x2  
  92  15:40  SCV  
  93  15:48  Marine x4  
  93  15:49  Marine  
  99  15:53  Marine x2  
  99  15:55  SCV x2  
  99  15:57  Marine  
  103  16:05  Marine  
  103  16:07  SCV  
  103  16:11  Marine x5  
  105  16:12  Marine  
  105  16:14  Marine  
  105  16:17  Medivac  
  114  16:19  Medivac  
  114  16:23  Marine, SCV  
  118  16:33  SCV  
  118  16:34  Marine  
  103  16:56  Marine x8  
Show
View Real Time Build Order
Export as new Build Order

Kantara Protoss 

Build Orders:  

Get SALT Encoding   

  12  0:02  Probe  
  13  0:14  Probe  
  13  0:19  Pylon  
  14  0:26  Probe (Chrono Boost)  
  15  0:39  Probe (Chrono Boost)  
  15  0:41  Gateway  
  16  0:49  Probe (Chrono Boost)  
  16  0:52  Assimilator  
  17  1:00  Probe  
  18  1:13  Probe  
  19  1:25  Probe  
  20  1:37  Probe  
  21  1:40  Cybernetics Core  
  20  1:47  Assimilator  
  20  1:48  Pylon  
  20  1:50  Probe  
  21  2:02  Probe  
  22  2:15  Warp Gate (Chrono Boost), Probe  
  23  2:16  Stalker  
  25  2:23  Shield Battery  
  25  2:27  Gateway  
  25  2:28  Gateway  
  25  2:33  Pylon  
  25  2:34  Probe  
  26  2:46  Stalker  
  26  2:48  Probe  
  29  2:57  Shield Battery x2  
  29  3:08  Twilight Council  
  29  3:12  Shield Battery  
  29  3:16  Stalker  
  29  3:17  Stalker  
  29  3:18  Stalker  
  35  3:41  Charge (Chrono Boost)  
  35  3:47  Pylon  
  35  3:57  Stalker x2  
  39  4:10  Nexus  
  39  4:18  Pylon  
  39  4:21  Stalker  
  41  4:28  Stalker  
  43  4:41  Probe  
  43  4:44  Stalker  
  46  4:46  Stalker  
  46  4:56  Zealot  
  48  5:08  Zealot  
  48  5:09  Zealot  
  40  5:27  Zealot  
  36  5:40  Gateway  
  36  5:42  Gateway  
  36  5:43  Gateway  
  36  5:44  Probe x2  
  36  5:45  Pylon  
  38  5:57  Probe x2  
  38  5:59  Stalker  
  42  6:05  Pylon  
  42  6:06  Zealot  
  42  6:08  Zealot  
  46  6:13  Probe x2  
  48  6:21  Robotics Facility  
  48  6:25  Zealot  
  48  6:27  Zealot  
  48  6:29  Zealot  
  54  6:36  Probe x2  
  56  6:47  Zealot x3  
  56  6:48  Zealot  
  64  7:05  Warp Prism (Chrono Boost)  
  62  7:13  Zealot x4  
  62  7:15  Stalker  
  74  7:19  Stalker  
  76  7:24  Shield Battery  
  76  7:29  Pylon  
  76  7:43  Zealot  
  78  8:02  Pylon  
  78  8:04  Pylon  
  78  8:05  Pylon  
  78  8:07  Pylon  
  78  8:19  Zealot x4  
  86  8:32  Zealot x2  
  52  8:41  Zealot x4  
  54  8:53  Zealot x2  
  54  9:01  Zealot  
  54  9:02  Zealot  
  48  9:03  Zealot x2  
  42  9:18  Zealot x2  
  42  9:21  Zealot  
  42  9:22  Zealot  
  36  9:36  Gateway  
  36  9:37  Gateway  
  37  9:38  Observer (Chrono Boost)  
  37  9:40  Gateway  
  37  9:42  Zealot x6  
  49  10:02  Nexus  
  49  10:04  Zealot x3  
  55  10:22  Zealot x2  
  55  10:23  Zealot  
  55  10:27  Zealot x2  
  65  11:04  Zealot  
  65  11:05  Zealot  
  65  11:06  Zealot  
  65  11:07  Zealot  
  63  11:20  Zealot x6  
  55  11:31  Zealot x3  
  45  11:45  Probe x3  
  40  11:56  Robotics Bay  
  40  11:57  Probe x2  
  40  11:58  Probe  
  40  12:00  Zealot x6  
  55  12:06  Zealot x2  
  59  12:09  Probe  
  59  12:10  Probe x2  
  59  12:13  Zealot  
  64  12:21  Zealot x4, Probe  
  73  12:27  Zealot x2  
  73  12:28  Zealot  
  79  12:42  Observer  
  79  12:50  Zealot x8  
  79  13:11  Zealot  
  79  13:12  Zealot x7  
  83  13:28  Zealot  
  79  13:35  Warp Prism (Chrono Boost)  
  81  13:41  Zealot x4  
  81  13:42  Zealot x4  
  64  14:05  Zealot x9  
  82  14:23  Nexus  
  82  14:30  Zealot x4  
  90  14:43  Observer  
  91  14:54  Zealot x7  
  91  14:55  Zealot  
  81  15:12  Zealot  
  65  15:14  Zealot x4  
  65  15:15  Zealot  
  47  15:32  Zealot x4  
  55  16:00  Forge  
  55  16:01  Zealot x6  
  55  16:02  Zealot x3, Forge  
  73  16:25  Zealot x6  
  83  16:26  Zealot x3  
  91  16:53  Zealot x6  
  91  16:54  Zealot x2  
  81  17:02  Zealot  
Tags
 
Add a new tag
Caveats
  • Supply blocks, unpowered buildings, or Contaminate may cause inaccurate times.
  • Supply counts are checked every 10 seconds.